 Dungeon Crawl Stone Soup version 0.29-a0-414-g5075937ec3 (webtiles) character file.

Game seed: 14189875902626892191

63 xian the Sneak (level 3, -4/29 HPs)
             Began as a Vampire Monk on May 15, 2022.
             Slain by a gnoll
             ... wielding a +0 halberd
              (11 damage)
             ... on level 2 of the Dungeon.
             The game lasted 00:07:04 (1031 turns).

xian the Sneak (Vampire Monk)                       Turns: 1031, Time: 00:07:05

Health: -4/29      AC:  2    Str: 12    XL:     3   Next: 87%
Magic:  3/3        EV: 13    Int: 12    God:
Gold:   23         SH:  5    Dex: 16    Spells: 2/2 levels left

rFire   . . .      SeeInvis +   f - +1 dagger (drain)
rCold   . . .      Faith    .   (no shield)
rNeg    . . .      Spirit   .   b - +0 robe
rPois   .          Reflect  +   (no helmet)
rElec   .          Harm     .   (no cloak)
rCorr   .          Rampage  .   (no gloves)
Will    .....                   (no boots)
Stlth   +++.......              k - amulet of reflection
HPRegen 0.29/turn               (no ring)
MPRegen 0.08/turn               (no ring)

@: healing quickly
A: alive, fangs 3, see invisible, vampiric 2
a: Exsanguinate


You were on level 2 of the Dungeon.
You visited 1 branch of the dungeon, and saw 2 of its levels.

You collected 23 gold pieces.

Inventory:

Hand Weapons
 a - a +0 falchion
 f - a +1 dagger of draining (weapon)
Armour
 b - a +0 robe (worn)
Jewellery
 k - an amulet of reflection (around neck)
Scrolls
 d - a scroll of teleportation {unknown}
 e - a scroll of identify {unknown}
 h - a scroll of blinking {unknown}
Potions
 c - a potion of ambrosia
 g - a potion of attraction {unknown}
 i - a potion of brilliance {unknown}
 j - a potion of heal wounds {unknown}
 l - a potion of might {unknown}


   Skills:
 + Level 3.1 Fighting
 + Level 0.5(2.5) Short Blades
 + Level 3.6 Long Blades
 + Level 3.8 Dodging
 + Level 4.0 Stealth


You had 2 spell levels left.
You didn't know any spells.
Your spell library contained the following spells:

 Spells                   Type           Power      Damage    Failure   Level
 Foxfire                  Conj/Fire      0%         2x1d4     32%         1
 Conjure Flame            Conj/Fire      0%         6-21      69%         3
 Inner Flame              Hex/Fire       0%         N/A       69%         3
 Flame Wave               Conj/Fire      0%         2d4       97%         4


Dungeon Overview and Level Annotations

Branches:
Dungeon (2/15)

Altars:


Innate Abilities, Weirdness & Mutations

Your natural rate of healing is accelerated.
You have razor-sharp teeth.
You have supernaturally acute eyesight. (SInv)
You are afflicted with vampirism and can become a bat while bloodless.


Message History

You kill the giant cockroach!
You see here a giant cockroach corpse.
An adder comes into view.
An adder is nearby!
You barely miss the adder. You bite the adder, but do no damage.
The adder bites you but does no damage.
You barely miss the adder. The adder misses you. The adder bites you.
You are poisoned.
The adder poisons you!
You closely miss the adder.
You feel sick. You block the adder's attack.
You hit the adder. You drain the adder. You punch the adder.
The adder is almost dead.
You feel sick. The adder barely misses you.
You hit the adder.
You kill the adder!
You feel sick.
You feel sick.
You feel sick.
You feel sick.
You are no longer poisoned.
A hobgoblin comes into view.
You closely miss the hobgoblin. The hobgoblin barely misses you.
You hit the hobgoblin. You drain the hobgoblin.
You kill the hobgoblin!
Your Stealth skill increases to level 4!
Unknown command.
You see here a hobgoblin corpse.
Found a stone staircase leading down. 3 gnolls come into view.
The gnoll shouts! x3
A bat comes into view.
The bat closely misses you.
You hit the bat. You drain the bat.
You kill the bat!
The gnoll hits you from afar with a +0 spear.
The gnoll barely misses you. The gnoll hits you with a +0 halberd!
Ouch! That really hurt!
* * * LOW HITPOINT WARNING * * *
The gnoll hits you from afar with a +0 halberd!
You die...

#.##.##
######...#
#.##..##
#........#
#.##.#.##
#.####....
#...###.#
#..##
####.#.##
#..#
###g.##
#..#
#..gg#
...#
#.##.#
..... #.
#@# ..#..#
#g #.#
.#.#..# #.
#.# #g #.#
#g ... ##
#># #.#
#.#


You could see 3 gnolls.

Vanquished Creatures
  An adder (D:2)
  2 worms (D:2)
  2 dart slugs
  2 orcs (D:2)
  7 endoplasms
  2 giant cockroaches
  6 hobgoblins
  2 quokkas (D:1)
  4 ball pythons (D:1)
  2 bats (D:2)
  3 frilled lizards (D:1)
  3 goblins
  3 rats
39 creatures vanquished.

Notes
Turn   | Place    | Note
-------+----------+-------------------------------------------
     0 | D:1      | xian the Vampire Monk began the quest for the Orb.
     0 | D:1      | Reached XP level 1. HP: 17/17 MP: 1/1
   137 | D:1      | Reached XP level 2. HP: 23/23 MP: 2/2
   555 | D:1      | Gained mutation: You are afflicted with vampirism and can
                  | become a bat while bloodless. [Vampire growth]
   555 | D:1      | Reached XP level 3. HP: 28/29 MP: 3/3
   717 | D:2      | Found a faded altar of an unknown god.
   998 | D:2      | Reached skill level 4 in Stealth
  1031 | D:2      | Slain by a gnoll

Illustrated notes

Levels and vault maps discovered:
D:1:      dpeg_arrival_court, layout_rooms, minmay_tetromino_l2
D:2:      layout_loops_ring, basic_altar, nicolae_ecumenical_oubliette,
          uniq_jessica

Skill      XL: |  1  2  3 |
---------------+----------+-----
Fighting       | 3 |  3.1
Stealth        | 4 |  4.0
Short Blades   | |  0.5
Long Blades    | |  3.6
Dodging        | |  3.8

Action                   || total
-------------------------++-------
Melee: Falchion          ||    23
       Bite              ||    12
       Dagger            ||    75
       Punch             ||     2
 Stab: Sleeping          ||     5
Armor: Robe              ||     8
Dodge: Dodged            ||    36
Block: Other             ||     6

Table legend: (Time is in decaauts)
 A = Elapsed time spent in this place.
 B = Non-inter-level travel time spent in this place.
 C = Inter-level travel time spent in this place.
 D = Time resting spent in this place.
 E = Time spent auto-exploring this place.
 F = Levels seen in this place.
 G = Mean time per level.
                   A        B        C        D        E       F      G
               +--------+--------+--------+--------+--------+-----+--------+
         Total |   1026 |    964 |     62 |    116 |    329 |   2 |  513.0 |
       Dungeon |   1026 |    964 |     62 |    116 |    329 |   2 |  513.0 |
               +--------+--------+--------+--------+--------+-----+--------+

Top non-repeatable levels by time:
     D:1: 735 daAuts
     D:2: 290 daAuts
